 Dungeon Crawl Stone Soup version 0.19.1 (webtiles) character file.

548 CanadianGator the Insei (level 7, -10/54 HPs)
             Began as a Demonspawn Monk on Dec 5, 2016.
             Killed by nerve-wracking pain
             ... invoked by Grinder
              (14 damage)
             ... while paralysed by Grinder
             ... on level 4 of the Dungeon.
             The game lasted 00:09:35 (4035 turns).

CanadianGator the Insei (Demonspawn Monk)           Turns: 4035, Time: 00:09:35

Health: -10/54     AC:  6    Str: 12 (14) XL:     7   Next: 7%
Magic:  7/7        EV:  2    Int: 10 (11) God:
Gold:   135        SH:  0    Dex: 14 (15) Spells: 0 memorised, 6 levels left

rFire  . . .     SeeInvis .       - Unarmed
rCold  . . .     Gourm    .     g - +0 ring mail
rNeg   . . .     Faith    +     (no shield)
rPois  .         Spirit   .     d - +0 helmet
rElec  .         Reflect  .     (no cloak)
rCorr  .         Harm     .     (no gloves)
MR     .....                    (no boots)
Stlth  +.........               v - amulet of faith
                                (no ring)
                                (no ring)

@: paralysed
A: powered by death 2, sturdy frame 1
a: no special abilities


You were on level 4 of the Dungeon.
You were not hungry.

You visited 1 branch of the dungeon, and saw 4 of its levels.

You collected 135 gold pieces.

Inventory:

Armour
 a - a +0 chain mail
 d - a +0 helmet (worn)
 g - a +0 ring mail (worn)
 o - a +0 scale mail
Jewellery
 v - an amulet of faith (around neck)
Scrolls
 f - 2 scrolls of enchant armour {unknown}
 h - a scroll of teleportation
 m - a scroll of recharging {unknown}
 r - 4 scrolls of identify {unknown}
 u - a scroll of fog {unknown}
Potions
 c - a potion of berserk rage {unknown}
 e - 2 potions of curing
 j - 3 potions of brilliance
 l - a potion of cancellation {unknown}
 p - a potion of haste {unknown}
 q - 3 potions of might {unknown}
 t - a potion of mutation {unknown}
Books
 k - a book of Maledictions

   Spells                             Type                      Level
   a - Corona                         Hexes                        1
   b - Ensorcelled Hibernation        Hexes/Ice                    2
   c - Confuse                        Hexes                        3
   d - Tukima's Dance                 Hexes                        3
   e - Dazzling Spray                 Conjuration/Hexes            3
Comestibles
 b - 3 bread rations
 n - a beef jerky


   Skills:
 + Level 4.2 Fighting
 * Level 3.4 Armour
 + Level 3.8 Dodging
 - Level 1.7 Stealth
 * Level 5.0 Unarmed Combat


You had 6 spell levels left.
You didn't know any spells.

Dungeon Overview and Level Annotations

Branches:
Dungeon (4/15)
 Temple: D:4-7

Altars:

Annotations:
D:4 Grinder


Innate Abilities, Weirdness & Mutations

You regenerate health from kills.
Your movements are slightly less encumbered by armour. (ER -2)


Message History

Pain shoots through your body!
You hit Grinder but do no damage.
Grinder is almost dead.
Grinder gestures at you.
You struggle to resist.
You hit Grinder but do no damage.
Grinder is almost dead.
Grinder gestures at you.
You suddenly lose the ability to move!
Grinder hits you.
* * * LOW HITPOINT WARNING * * *
You writhe in agony.
* * * LOW HITPOINT WARNING * * *
Grinder hits you.
* * * LOW HITPOINT WARNING * * *
You writhe in agony.
* * * LOW HITPOINT WARNING * * *
Grinder gestures at you. Pain shoots through your body!
You die...

#.............#.###....#
#.............#.########
# #.............#....$# #
#.............#.....### #
#.....................#
###.###.................#
'...# #................>#
##### #.................#
### # #.........@[......#
#.. ###
#######.#.5.......# #..
..# #...........# #.. ..#
##..........##### ### ..#
#..#.#######...# ..#
##.#.# #...# ..# #.#.#
#...# ### #.#.# #...# ##
#.#.# #...# #.


You could see Grinder.

Vanquished Creatures
  Eustachio (D:4)
  A scorpion (D:3)
  A howler monkey (D:4)
  An orc priest (D:3)
  A bullfrog skeleton (D:4)
  An iguana (D:4)
  3 orc wizards (D:3)
  4 gnolls (D:3)
  4 adders
  2 adder skeletons (D:4)
  A worm (D:3)
  A dart slug (D:1)
  A leopard gecko (D:3)
  5 orcs
  8 bats
  2 giant cockroaches
  6 goblins
  11 hobgoblins
  2 quokkas
  9 frilled lizards
  A jackal skeleton (D:4)
  7 kobolds
  7 rats
80 creatures vanquished.

Notes
Turn   | Place    | Note
-------+----------+-------------------------------------------
     0 | D:1      | CanadianGator the Demonspawn Monk began the quest for the Orb.
     0 | D:1      | Reached XP level 1. HP: 18/18 MP: 1/1
   343 | D:1      | Gained mutation: Your movements are slightly less encumbered by armour. (ER -2) [demonic ancestry]
   343 | D:1      | Reached XP level 2. HP: 11/24 MP: 2/2
   531 | D:1      | Reached skill level 3 in Unarmed Combat
  1166 | D:1      | Gained mutation: You regenerate a little health from kills. [demonic ancestry]
  1166 | D:1      | Reached XP level 3. HP: 29/29 MP: 3/3
  1177 | D:1      | Reached skill level 1 in Armour
  2065 | D:3      | Reached XP level 4. HP: 19/35 MP: 4/4
  2251 | D:3      | Reached skill level 4 in Unarmed Combat
  2251 | D:3      | Reached XP level 5. HP: 17/41 MP: 5/5
  3206 | D:3      | Gained mutation: You regenerate health from kills. [demonic ancestry]
  3206 | D:3      | Reached XP level 6. HP: 42/48 MP: 6/6
  3820 | D:4      | Noticed Eustachio
  3842 | D:4      | Killed Eustachio
  3940 | D:4      | Reached XP level 7. HP: 48/54 MP: 7/7
  4001 | D:4      | Reached skill level 5 in Unarmed Combat
  4006 | D:4      | Noticed Grinder
  4032 | D:4      | Paralysed by Grinder for 5 turns
  4035 | D:4      | Killed from afar by Grinder

Skill      XL: |  1  2  3  4  5  6  7 |
---------------+----------------------+-----
Unarmed Combat | 3 4 5 |  5.0
Dodging        | 3 |  3.8
Armour         | 1 2 3 |  3.4
Fighting       | 4 |  4.2
Stealth        | |  1.7

Action                   |  1- 3 |  4- 6 |  7- 9 || total
-------------------------+-------+-------+-------++-------
Melee: Unarmed           |   201 |   232 |    37 ||   470
       Punch             |     4 |     4 |     1 ||     9
  Use: Scroll            |     4 |       |       ||     4
       Potion            |     2 |     8 |       ||    10
 Stab: Sleeping          |     3 |       |       ||     3
       Distracted        |     1 |       |       ||     1
       Invisible         |       |     3 |       ||     3
  Eat: Chunk             |     4 |     5 |     2 ||    11
Armor: Robe              |    14 |       |       ||    14
       Ring mail         |    47 |    43 |     8 ||    98
       Skin              |     2 |    18 |       ||    20
Dodge: Dodged            |   131 |   125 |    16 ||   272
